 Dungeon Crawl Stone Soup version 0.23.2-40-g277498a001 (webtiles) character file.

Game seed: 7651766643903791476

121991 KamiKatze the Phalangite (level 16, -3/198 HPs)
             Began as a Merfolk Berserker on Sept 1, 2019.
             Was the Champion of Trog.
             Slain by a komodo dragon (40 damage)
             ... called by a spriggan druid
             ... on level 2 of the Swamp on Sept 3, 2019.
             The game lasted 02:12:09 (27442 turns).

KamiKatze the Phalangite (Merfolk Berserker)       Turns: 27442, Time: 02:12:10

Health: -3/198     AC: 23    Str: 35    XL:     16   Next: 86%
Magic:  21/21      EV: 21    Int: 17    God:    Trog [******]
Gold:   2340       SH:  0    Dex: 17    Spells: 15/15 levels left

rFire    + . .     SeeInvis .   R - +2 halberd (vamp)
rCold    + . .     Gourm    .   (shield currently unavailable)
rNeg     . . .     Faith    .   P - +0 plate armour
rPois    +         Spirit   .   Z - +2 hat {Int+3}
rElec    .         Reflect  .   h - +1 cloak
rCorr    .         Harm     .   d - +0 pair of gloves of Hangman {rC+ Str+8}
MR       +....                  q - +0 pair of boots
Stlth    ..........             B - amulet of the acrobat
HPRegen  0.43/turn              f - +3 ring of evasion
MPRegen  0.17/turn              Q - ring of Qurobyq {rPois rF+ Int+5 Dex+4}

@: berserking, very quick
A: change form in water, swift swim, stealthy swim
a: Berserk, Trog's Hand, Brothers in Arms, Renounce Religion


You were on level 2 of the Swamp.
You worshipped Trog.
Trog was exalted by your worship.
You were hungry.

You visited 5 branches of the dungeon, and saw 26 of its levels.
You also visited: Gauntlet.

You collected 2379 gold pieces.
You spent 39 gold pieces at shops.

Inventory:

Hand Weapons
 a - the +4 demon trident "Jeluov Okhu" {flame, *Corrode +Inv Dex+2}
   (Trog gifted it to you on level 9 of the Dungeon)

   It has been specially enchanted to burn those struck by it, causing extra
   injury to most foes and up to half again as much damage against particularly
   susceptible opponents.
   It affects your dexterity (+2).
   It lets you turn invisible.
   It may corrode you when you take damage.
 R - a +2 vampiric halberd (weapon)
 U - a +4 glaive of protection
 V - a +0 blowgun
Missiles
 b - 11 steel javelins (quivered)
 g - 8 needles of paralysis
 G - 18 curare-tipped needles
 K - 64 stones
 T - 4 throwing nets
 X - 45 poisoned needles
Armour
 d - the +0 pair of gloves of Hangman (worn) {rC+ Str+8}
   (You found it on level 15 of the Dungeon)

   It affects your strength (+8).
   It protects you from cold.
 h - a +1 cloak (worn)
 q - a +0 pair of boots (worn)
 P - a +0 plate armour (worn)
 Z - a +2 hat of intelligence (worn)
Jewellery
 f - a +3 ring of evasion (left hand)
 r - an uncursed ring of see invisible
 B - an amulet of the acrobat (around neck)
 O - an uncursed ring of protection from cold
 Q - the ring of Qurobyq (right hand) {rPois rF+ Int+5 Dex+4}
   (You found it in a Gauntlet)

   [ring of intelligence]

   It affects your intelligence (+5).
   It affects your dexterity (+4).
   It protects you from fire.
   It protects you from poison.
 Y - an uncursed ring of fire
Wands
 i - a wand of flame (51)
 n - a wand of paralysis (21)
 o - a wand of acid (21)
 A - a wand of disintegration (23)
 I - a wand of polymorph (9)
 J - a wand of iceblast (9)
 L - a wand of enslavement (29)
 M - a wand of digging (9)
Scrolls
 e - 4 scrolls of fog
 j - 6 scrolls of magic mapping
 p - 2 scrolls of identify
 u - 5 scrolls of teleportation
 w - 11 scrolls of remove curse
 y - a scroll of enchant armour
 D - a scroll of blinking
 N - 5 scrolls of fear
Potions
 k - 2 potions of might
 l - 5 potions of resistance
 m - 6 potions of agility
 s - 6 potions of ambrosia
 t - a potion of cancellation
 v - 2 potions of haste
 x - 4 potions of flight
 z - 9 potions of heal wounds
 E - 13 potions of curing
 H - a potion of invisibility
 S - 3 potions of lignification
Miscellaneous
 W - a lamp of fire
Comestibles
 c - 62 rations
 C - 6 chunks of flesh


   Skills:
 + Level 13.9 Fighting
 + Level 21.6 Polearms
 * Level 12.8 Armour
 + Level 15.0 Dodging
 + Level 7.2 Evocations


You had 15 spell levels left.
You didn't know any spells.
Your spell library was empty.

Dungeon Overview and Level Annotations

Branches:
Dungeon (15/15)            Temple (1/1) D:7            Lair (6/6) D:9
  Swamp (2/4) Lair:3       Spider (0/4) Lair:2        Slime (0/5) Lair:5
    Orc (2/2) D:9             Elf (0/3) Orc:2        Vaults (0/5) D:14
 Depths (0/5) D:15

Altars:
Ashenzari
Cheibriados
Dithmenos
Elyvilon
Fedhas
Gozag
Hepliaklqana
Kikubaaqudgha
Makhleb
Nemelex Xobeh
Okawaru
Qazlal
Ru
Sif Muna
Trog
Uskayaw
Vehumet
Wu Jian
Xom
Yredelemnul
Zin
The Shining One
Beogh

Shops:
D:4 (   D:9 *   D:15 :   Orc:2 ((!}   Swamp:1 *

Portals:
Trove: D:15 (give horn of Geryon)

Annotations:
D:4 1 runed translucent door, Chudej's ghost, amateur DECj
D:13 2 transporters, MalarOregon's ghost, adept MfMo


Message History

The spriggan rider closely misses you. The spriggan misses you.
You impale the komodo dragon!!
You feel better.
The komodo dragon is heavily wounded.
The komodo dragon bites you!!!
The spriggan rider hits you from afar with a +0 spear!
The spriggan completely misses you.
You are too injured to fight recklessly!
You are too injured to fight recklessly!
You are too injured to fight recklessly!
You completely miss the spriggan.
Your plate armour prevents you from hitting the spriggan.
The komodo dragon bites you!!
* * * LOW HITPOINT WARNING * * *
The spriggan rider closely misses you.
The spriggan hits you but does no damage.
A red film seems to cover your vision as you go berserk!
You feel yourself moving faster!
You feel mighty!
You are feeling hungry.
The komodo dragon bites you!!!
You die...

≈.♣ .≈≈(..♣ ≈≈♣
.≈≈≈... ≈.♣ .≈.≈.≈♣
.t♣ ♣. ♣♣.≈≈≈≈≈≈ .♣
♣.♣ ♣...≈..≈≈ ≈♣ ♣..
♣♣.≈≈≈≈≈♣≈ ≈≈≈♣
♣..♣♣♣♣.i≈≈≈≈..§ ...♣
♣≈.≈≈%.)i≈≈≈≈≈≈. ♣..♣
♣.≈≈≈≈≈.@l≈.≈.≈. ♣..♣♣
♣.♣....(.≈..≈..♣
♣≈..♣♣
♣...≈≈♣.....≈≈..
♣≈≈≈.♣
♣.≈≈≈♣♣.........
♣.≈.♣♣
♣.≈≈≈≈≈≈≈....≈♣♣
♣≈≈..♣ ♣.≈≈≈≈.......♣♣
♣.♣♣.♣♣♣♣.≈≈♣≈≈♣..≈..♣
♣.♣♣...♣♣..†≈≈≈≈♣..♣♣♣
♣♣.♣♣.≈..≈..♣≈....♣♣


You could see a spriggan rider, a komodo dragon and a spriggan.

Vanquished Creatures
  Jorgrun (D:14)
  3 thorn hunters
  Azrael (D:13)
  A minotaur (Gauntlet)
  A fire dragon (Lair:6)
  A yaktaur captain (D:15)
  2 ogre magi
  A vault guard (D:14)
  9 hydras
  6 centaur warriors
  A hell beast (Gauntlet)
  A shambling mangrove (Swamp:1)
  7 alligators
  7 death yaks
  9 two-headed ogres
  An orc high priest (Orc:2)
  Nergalle (Lair:1)
  Sonja (Lair:3)
  An unseen horror (shapeshifter) (D:14)
  2 swamp dragons
  2 unseen horrors
  A wizard (D:14)
  A spriggan druid (Swamp:2)
  4 orc knights
  A wolf spider zombie (D:15)
  A necromancer (Gauntlet)
  10 orc sorcerers (Orc:2)
  5 ugly things
  5 cyclopes
  2 manticores
  A centaur zombie (D:15)
  3 black mambas
  11 elephants
  2 gargoyles
  11 spiny frogs
  4 rime drakes
  12 komodo dragons
  A yaktaur (D:15)
  An efreet (D:15)
  3 meliai
  10 trolls
  5 hornets
  2 tyrant leeches
  11 polar bears
  6 raiju (Lair:6)
  5 bog bodies
  5 hippogriffs
  A meliai zombie (D:15)
  21 blink frogs
  5 dream sheep (Lair:4)
  2 slime creatures (D:7)
  A centaur simulacrum (D:14)
  2 redbacks (Lair:2)
  Sigmund (D:4)
  3 spriggans
  4 shadows
  Grum (Lair:1)
  10 humans (D:14)
  A basilisk (D:14)
  4 fire elementals (D:13)
  5 wyverns
  47 yaks
  3 large abominations (Gauntlet)
  2 hungry ghosts (D:11)
  3 small abominations (Gauntlet)
  7 wargs
  4 vampire mosquitoes (Swamp:1)
  Menkaure (D:4)
  A steam dragon (Lair:6)
  6 swamp worms
  6 acid dragons
  25 water moccasins
  12 insubstantial wisps
  14 hell hounds
  A soldier ant (D:12)
  5 porcupines
  4 swamp drakes
  An ice beast (D:7)
  11 black bears (Lair:6)
  A meliai simulacrum (D:15)
  An eye of draining (D:12)
  22 orc warriors
  2 phantoms
  17 ogres
  28 wolves
  3 boggarts (D:15)
  6 centaurs
  16 crocodiles
  2 wyvern zombies
  A big kobold (D:7)
  16 bullfrogs
  2 wyvern skeletons
  A water moccasin skeleton (D:9)
  11 killer bees
  3 scorpions
  33 wights
  A howler monkey (D:9)
  5 electric eels
  7 crimson imps
  2 bullfrog zombies
  2 quasits
  3 bullfrog skeletons
  3 centaur skeletons
  A gnoll shaman (D:5)
  22 orc priests
  6 hounds
  11 jellies
  45 orc wizards
  14 iguanas
  13 worker ants
  A killer bee zombie (D:9)
  2 hound zombies
  A howler monkey zombie (D:7)
  2 worker ant zombies
  Robin (D:4)
  13 gnolls
  31 adders
  8 shadow imps
  5 oozes
  4 adder skeletons
  An adder zombie (D:8)
  7 worms
  3 leopard geckos
  117 orcs
  6 bats
  5 giant cockroaches
  11 goblins
  7 hobgoblins (D:4)
  4 jackals (D:3)
  6 quokkas
  A ball python (D:4)
  3 frilled lizards
  17 kobolds
  11 rats
  3 fungi
  A plant (Lair:6)
967 creatures vanquished.

Vanquished Creatures (collateral kills)
  Harold (Lair:1)
  A hippogriff (Lair:1)
  A crocodile (Lair:1)
3 creatures vanquished.

Vanquished Creatures (others)
  A vault guard (D:14)
  2 orcs
  7 demonic plants (Gauntlet)
  20 fungi
  37 plants
  4 toadstools (D:7)
  2 withered plants (D:8)
73 creatures vanquished.

Grand Total: 1043 creatures vanquished

Notes
Turn   | Place    | Note
-------+----------+-------------------------------------------
     0 | D:1      | KamiKatze the Merfolk Berserker began the quest for the
                  | Orb.
     0 | D:1      | Reached XP level 1. HP: 18/18 MP: 1/1
   593 | D:1      | Reached skill level 5 in Polearms
   593 | D:1      | Reached XP level 2. HP: 20/24 MP: 2/2
   732 | D:2      | Noticed a bullfrog
   741 | D:2      | Killed a bullfrog
   741 | D:2      | Reached skill level 6 in Polearms
   741 | D:2      | Reached XP level 3. HP: 10/30 MP: 3/3
   741 | D:2      | Reached XP level 4. HP: 13/37 MP: 4/4
  1016 | D:2      | Reached ** piety under Trog
  1127 | D:2      | Reached skill level 7 in Polearms
  1215 | D:2      | Reached XP level 5. HP: 32/43 MP: 5/5
  1812 | D:3      | Reached skill level 8 in Polearms
  1851 | D:3      | Found a white marble altar of Elyvilon.
  2061 | D:3      | Reached XP level 6. HP: 50/50 MP: 6/6
  2154 | D:4      | Noticed Sigmund
  2158 | D:4      | Killed Sigmund
  2158 | D:4      | Reached *** piety under Trog
  2158 | D:4      | Reached skill level 5 in Fighting
  2158 | D:4      | Reached skill level 9 in Polearms
  2172 | D:4      | Noticed Menkaure
  2179 | D:4      | Killed Menkaure
  2179 | D:4      | Reached XP level 7. HP: 28/57 MP: 7/7
  2303 | D:4      | Reached skill level 10 in Polearms
  2398 | D:4      | Found Wyoner's Weapon Shop.
  2402 | D:4      | Noticed Robin
  2454 | D:4      | Killed Robin
  2609 | D:4      | Found a runed translucent door.
  2609 | D:4      | Noticed Chudej's ghost (amateur DECj)
  2764 | D:4      | Found a bloodstained altar of Trog.
  2941 | D:5      | Entered Level 5 of the Dungeon
  3019 | D:5      | Found a radiant altar of Vehumet.
  3127 | D:5      | Reached XP level 8. HP: 58/65 MP: 8/8
  3138 | D:5      | Reached skill level 11 in Polearms
  3376 | D:5      | Found a sparkling altar of Nemelex Xobeh.
  3934 | D:6      | Found a glowing silver altar of Zin.
  3954 | D:6      | Reached **** piety under Trog
  4567 | D:7      | Reached skill level 12 in Polearms
  4620 | D:7      | Reached XP level 9. HP: 53/72 MP: 9/9
  4774 | D:7      | Found a glowing golden altar of the Shining One.
  5113 | D:7      | Reached skill level 5 in Dodging
  5200 | D:7      | Found a staircase to the Ecumenical Temple.
  5210 | Temple   | Entered the Ecumenical Temple
  5526 | D:7      | Reached skill level 13 in Polearms
  5754 | D:7      | Reached ***** piety under Trog
  5941 | D:8      | Received a gift from Trog
  5958 | D:8      | Found a shattered altar of Ashenzari.
  6097 | D:8      | Found an ancient bone altar of Kikubaaqudgha.
  6164 | D:8      | Reached skill level 1 in Evocations
  6328 | D:8      | Reached XP level 10. HP: 62/80 MP: 11/11
  6504 | D:8      | Reached skill level 5 in Armour
  6804 | D:9      | Received a gift from Trog
  6807 | D:9      | Got an ichor-stained demon trident {god gift}
  6808 | D:9      | Identified the +4 demon trident "Jeluov Okhu" {flame,
                  | *Corrode +Inv Dex+2} (Trog gifted it to you on level 9 of
                  | the Dungeon)
  6846 | D:9      | Found a shadowy altar of Dithmenos.
  6866 | D:9      | Noticed a death yak
  6867 | D:9      | Found a staircase to the Lair.
  6868 | D:9      | Noticed a death yak
  6870 | D:9      | Noticed a death yak
  6883 | D:9      | Killed a death yak
  6883 | D:9      | Reached skill level 14 in Polearms
  6979 | D:8      | Killed a death yak
  7052 | D:9      | Found Gozag's Platinum Reserve.
  7052 | D:9      | Found an opulent altar of Gozag.
  7157 | D:9      | Reached XP level 11. HP: 49/87 MP: 12/12
  7290 | D:9      | Reached skill level 15 in Polearms
  7453 | D:9      | Found a staircase to the Orcish Mines.
  7574 | D:9      | Noticed a two-headed ogre
  7579 | D:9      | Killed a two-headed ogre
  7747 | D:10     | Entered Level 10 of the Dungeon
  7982 | D:10     | Noticed a two-headed ogre
  7987 | D:10     | Killed a two-headed ogre
  8221 | D:9      | Killed a death yak
  8221 | D:9      | Reached skill level 16 in Polearms
  8840 | D:11     | Noticed a cyclops
  8847 | D:11     | Received a gift from Trog
  8859 | D:11     | Killed a cyclops
  8941 | D:11     | Reached ****** piety under Trog
  9067 | D:11     | Reached XP level 12. HP: 68/97 MP: 4/13
  9134 | D:11     | Reached skill level 10 in Fighting
  9534 | Lair:1   | Entered Level 1 of the Lair of Beasts
  9584 | Lair:1   | Noticed Grum
  9609 | Lair:1   | Killed Grum
  9855 | D:9      | Reached skill level 17 in Polearms
 10308 | Lair:1   | Reached skill level 10 in Dodging
 10437 | Lair:1   | Noticed Nergalle
 10441 | Lair:1   | Noticed Harold
 10448 | Lair:1   | Killed Nergalle
 10455 | Lair:1   | Killed Harold
 11279 | Lair:2   | Noticed a four-headed hydra
 11288 | Lair:2   | Killed a four-headed hydra
 11314 | Lair:2   | Reached XP level 13. HP: 92/105 MP: 14/14
 11321 | Lair:2   | Reached skill level 18 in Polearms
 11541 | Lair:2   | Found a hole to the Spider Nest.
 12155 | Lair:3   | Found a staircase to the Swamp.
 12461 | Lair:3   | Noticed Sonja
 12471 | Lair:3   | Killed Sonja
 13450 | Lair:4   | Received a gift from Trog
 14270 | Lair:5   | Reached skill level 19 in Polearms
 14495 | Lair:5   | Found a staircase to the Slime Pits.
 14839 | Lair:5   | Reached skill level 10 in Armour
 14852 | Lair:5   | Received a gift from Trog
 14870 | Lair:5   | Reached XP level 14. HP: 72/113 MP: 15/15
 15596 | Orc:1    | Entered Level 1 of the Orcish Mines
 15795 | Orc:2    | Entered Level 2 of the Orcish Mines
 16695 | Orc:2    | Found a staircase to the Elven Halls.
 17746 | Orc:2    | Received a gift from Trog
 17765 | Orc:2    | Found Halonk's Gadget Shoppe.
 17900 | Orc:2    | Found a radiant altar of Vehumet.
 17942 | Orc:2    | Reached skill level 20 in Polearms
 17994 | Orc:2    | Found Wetubacyt's Antique Weapon Shoppe.
 18056 | Orc:2    | Paralysed by an orc sorcerer for 5 turns
 18166 | Orc:2    | Found an ancient bone altar of Kikubaaqudgha.
 18248 | Orc:2    | Found a roughly hewn altar of Beogh.
 18248 | Orc:2    | Found Yserhas's Antique Weapon Shoppe.
 18284 | Orc:2    | Found Somaesch's Distillery.
 18295 | Orc:2    | Bought a potion of lignification for 39 gold pieces
 19420 | D:12     | Paralysed by a hornet for 2 turns
 19538 | D:13     | Noticed MalarOregon's ghost (adept MfMo)
 19642 | D:13     | Noticed Azrael
 19676 | D:13     | Killed Azrael
 19938 | D:13     | Found a transporter.
 19943 | D:13     | Found a transporter.
 20055 | D:13     | Got a pair of spiked gloves
 20066 | D:13     | Identified the +1 pair of gloves "Neffeveiwi" {rPois rC++}
                  | (You found it on level 13 of the Dungeon)
 20187 | D:13     | Received a gift from Trog
 20284 | D:14     | Reached XP level 15. HP: 122/122 MP: 17/17
 20522 | D:14     | Found a gate leading to a gauntlet.
 20529 | Gauntlet | Entered a Gauntlet
 20529 | Gauntlet | Found a transporter.
 20529 | Gauntlet | Found a transporter.
 20534 | Gauntlet | Found a transporter.
 20536 | Gauntlet | Found a transporter.
 20536 | Gauntlet | Found a large runed translucent door.
 20537 | Gauntlet | Found a large runed translucent door.
 20538 | Gauntlet | Found a large runed translucent door.
 20538 | Gauntlet | Found a large runed translucent door.
 20538 | Gauntlet | Found a runed translucent door.
 20539 | Gauntlet | Found a large runed translucent door.
 20540 | Gauntlet | Found a large runed translucent door.
 20541 | Gauntlet | Found a large runed translucent door.
 20541 | Gauntlet | Found a large runed translucent door.
 20542 | Gauntlet | Found a runed translucent gate.
 20544 | Gauntlet | Found a transporter.
 20552 | Gauntlet | Found a transporter.
 20552 | Gauntlet | Found a runed translucent gate.
 20553 | Gauntlet | Found a runed translucent gate.
 20554 | Gauntlet | Found a transporter.
 20554 | Gauntlet | Found a transporter.
 20554 | Gauntlet | Found a large runed translucent door.
 20555 | Gauntlet | Found a large runed translucent door.
 20556 | Gauntlet | Found a large runed translucent door.
 20558 | Gauntlet | Found a transporter.
 20592 | Gauntlet | Found a transporter.
 20599 | Gauntlet | Found a runed translucent door.
 20608 | Gauntlet | Found a large runed translucent door.
 20608 | Gauntlet | Found a large runed translucent door.
 20608 | Gauntlet | Found a large runed translucent door.
 20609 | Gauntlet | Found a large runed translucent door.
 20610 | Gauntlet | Found a large runed translucent door.
 20612 | Gauntlet | Found a transporter.
 20622 | Gauntlet | Found a transporter.
 20668 | Gauntlet | Found a transporter.
 20686 | Gauntlet | Found a transporter.
 20790 | Gauntlet | Found a transporter.
 20804 | Gauntlet | Found a transporter.
 20805 | Gauntlet | Found the cursed +14 obsidian axe {chop, +Fly SInv *Curse}
 21213 | Gauntlet | Got a crude copper ring
 21438 | Gauntlet | Identified the ring of Qurobyq {rPois rF+ Int+5 Dex+4} (You
                  | found it in a Gauntlet)
 21846 | D:14     | Noticed Jorgrun
 21871 | D:14     | Killed Jorgrun
 22057 | D:14     | Found a gate to the Vaults.
 22225 | D:14     | Received a gift from Trog
 22390 | D:14     | Paralysed by a wizard for 5 turns
 22599 | D:15     | Entered Level 15 of the Dungeon
 22772 | D:14     | Reached skill level 5 in Evocations
 22972 | D:15     | Found a portal to a secret trove of treasure.
 23141 | D:15     | Found Numaul's Book Emporium.
 23143 | D:15     | Found a blossoming altar of Fedhas.
 23184 | D:15     | Received a gift from Trog
 23355 | D:15     | Got a pair of scorched gloves
 23367 | D:15     | Identified the +0 pair of gloves of Hangman {rC+ Str+8}
                  | (You found it on level 15 of the Dungeon)
 23661 | D:15     | Found a staircase to the Depths.
 23705 | D:15     | Reached skill level 21 in Polearms
 23979 | Lair:6   | Entered Level 6 of the Lair of Beasts
 24405 | Lair:6   | Reached XP level 16. HP: 131/131 MP: 20/20
 25026 | Lair:6   | Received a gift from Trog
 25989 | Swamp:1  | Entered Level 1 of the Swamp
 26160 | Swamp:1  | Received a gift from Trog
 26283 | Swamp:1  | Found Upeit's Island Escapes.
 26363 | Swamp:1  | Identified a scroll of acquirement
 26449 | Swamp:1  | Noticed a thorn hunter
 26468 | Swamp:1  | Killed a thorn hunter
 26528 | Swamp:1  | Noticed a thorn hunter
 26545 | Swamp:1  | Killed a thorn hunter
 26921 | Swamp:2  | Noticed a thorn hunter
 26946 | Swamp:2  | Killed a thorn hunter
 27050 | Swamp:2  | Found a hide-covered altar of Uskayaw.
 27434 | Swamp:2  | Reached skill level 15 in Dodging
 27442 | Swamp:2  | Slain by a komodo dragon

Skill      XL: |  1  2  3  4  5  6  7  8  9 10 11 12 13 14 15 16 |
---------------+-------------------------------------------------+-----
Polearms       | 5 6 7 8 9 10 12 13 14 16 17 19 20 21 | 21.6
Fighting       | 4 5 6 7 8 9 10 11 12 13 | 13.9
Dodging        | 4 6 7 9 10 11 13 14 15 | 15.0
Armour         | 3 4 6 7 8 10 11 12 | 12.8
Evocations     | 1 2 3 5 7 |  7.2

Action                   |  1- 3 |  4- 6 |  7- 9 | 10-12 | 13-15 | 16-18 || total
-------------------------+-------+-------+-------+-------+-------+-------++-------
Melee: Spear             |    40 |   184 |       |       |       |       ||   224
       Trident           |       |    31 |   611 |       |       |       ||   642
       Halberd           |       |       |    33 |    80 |  1152 |   700 ||  1965
       Demon trident     |       |       |       |   367 |   694 |       ||  1061
       Glaive            |       |       |       |   289 |    17 |       ||   306
       Tailslap          |       |       |       |       |     1 |    10 ||    11
 Fire: Fustibalus        |       |       |       |       |     3 |       ||     3
Throw: Tomahawk          |       |       |     5 |    13 |    16 |       ||    34
       Stone             |       |       |     7 |     3 |       |       ||    10
       Javelin           |       |       |       |     2 |     2 |     1 ||     5
Invok: Berserk           |     1 |     3 |     2 |     4 |     4 |     3 ||    17
       Trog's Hand       |       |       |     1 |     2 |     5 |     1 ||     9
       Brothers in Arms  |       |       |       |     1 |       |       ||     1
Evoke: Wand              |       |       |       |       |     2 |     3 ||     5
  Use: Scroll            |       |       |    10 |    18 |     6 |     3 ||    37
       Potion            |       |       |       |       |     4 |     2 ||     6
 Stab: Sleeping          |     1 |       |       |       |       |       ||     1
       Distracted        |       |       |     1 |       |       |       ||     1
       Paralysed         |       |       |       |       |     1 |       ||     1
  Eat: Chunk             |       |     8 |    15 |    24 |    36 |    13 ||    96
       Ration            |       |       |       |       |     5 |       ||     5
Armor: Leather armour    |     1 |     4 |       |       |       |       ||     5
       Animal skin       |     1 |       |       |       |       |       ||     1
       Ring mail         |       |    22 |   152 |    13 |       |       ||   187
       Plate armour      |       |       |       |   167 |   632 |   271 ||  1070
Dodge: Dodged            |    15 |    99 |   335 |   329 |  1117 |   618 ||  2513
